 Dungeon Crawl Stone Soup version 0.21.0-3-g78d12a8 (webtiles) character file.

17118 MTVSty1e the Carver (level 12, -3/112 HPs)
             Began as a White Draconian Fighter on Jan 8, 2018.
             Was the Champion of Okawaru.
             Slain by a five-headed hydra (6 damage)
             ... on level 3 of the Lair of Beasts.
             The game lasted 00:22:32 (14705 turns).

MTVSty1e the Carver (White Draconian Fighter)      Turns: 14705, Time: 00:22:36

Health: -3/112     AC: 10    Str: 31    XL:     12   Next: 16%
Magic:  12/12      EV: 12    Int: 12    God:    Okawaru [******]
Gold:   417        SH: 10    Dex: 10    Spells: 11/11 levels left

rFire    . . .     SeeInvis .   v - +3 scimitar (flame)
rCold    + . .     Gourm    .   b - +0 shield
rNeg     . . .     Faith    .   (armour unavailable)
rPois    .         Spirit   .   i - +0 hat {Int+3}
rElec    +         Reflect  .   s - +0 cloak (curse)
rCorr    .         Harm     .   z - +0 pair of gloves
MR       .....                  (no boots)
Stlth    +.........             (no amulet)
HPRegen  0.28/turn              (no ring)
MPRegen  0.13/turn              (no ring)

@: mighty, drained
A: breathe frost, unfitting armour, cold resistance 1, electricity resistance,
strong 1, cold-blooded, AC +8
a: Breathe Frost, Heroism, Finesse, Renounce Religion


You were on level 3 of the Lair of Beasts.
You worshipped Okawaru.
Okawaru was exalted by your worship.
You were not hungry.

You visited 2 branches of the dungeon, and saw 13 of its levels.
You also visited: Sewer.

You collected 505 gold pieces.
You spent 88 gold pieces at shops.

Inventory:

Hand Weapons
 h - a +2 scimitar of slicing
 v - a +3 scimitar of flaming (weapon)
 A - a +0 demon blade
Armour
 b - a +0 shield (worn)
 f - a +1 hat
 i - a +0 hat of intelligence (worn)
 s - a cursed +0 cloak (worn)
 z - a +0 pair of gloves (worn)
Jewellery
 g - an uncursed amulet of magic regeneration
 j - an uncursed ring of magical power
Wands
 a - a wand of paralysis (12)
 c - a wand of enslavement (15)
 B - a wand of polymorph (36)
 C - a wand of acid (10)
Scrolls
 e - 6 scrolls of remove curse
 n - a scroll of fear
 u - 6 scrolls of identify
 y - 2 scrolls of enchant weapon
 E - 2 scrolls of teleportation
Potions
 k - 3 potions of agility
 l - a potion of resistance
 m - 3 potions of brilliance
 o - 2 potions of flight
 p - 3 potions of might
 q - a potion of heal wounds
 r - a potion of berserk rage
 t - 2 potions of haste
Books
 w - a book of Misfortune

   Spells                             Type                      Level
   a - Confusing Touch                Hexes                        1
   b - Confuse                        Hexes                        3
   c - Gell's Gravitas                Translocation                3
   d - Petrify                        Transmutation/Earth          4
   e - Metabolic Englaciation         Hexes/Ice                    5
   f - Yara's Violent Unravelling     Hexes/Transmutation          5
 x - a book of Power

   Spells                             Type                      Level
   a - Iskenderun's Battlesphere      Conjuration/Charms           5
   b - Venom Bolt                     Conjuration/Poison           5
   c - Bolt of Magma                  Conjuration/Fire/Earth       5
   d - Iron Shot                      Conjuration/Earth            6
   e - Orb of Destruction             Conjuration                  7
   f - Spellforged Servitor           Conjuration/Summoning        7
Comestibles
 d - 13 rations


   Skills:
 + Level 12.1(11.9) Fighting
 * Level 14.8(14.5) Long Blades
 + Level 7.1(6.9) Dodging
 - Level 3.0(2.8) Shields


You had 11 spell levels left.
You didn't know any spells.

Dungeon Overview and Level Annotations

Branches:
Dungeon (10/15)            Temple (0/1) D:7            Lair (2/6) D:9
 Spider (0/4) Lair:3
  Swamp: Lair:2-4    Shoals: Lair:2-4       Orc: D:9-12

Altars:
Dithmenos
Kikubaaqudgha
Okawaru

Shops:
D:4 (


Innate Abilities, Weirdness & Mutations

You can breathe waves of freezing cold.
You can buffet flying creatures when you breathe cold.
Your icy white scales are hard. (AC +8)
You cannot fit into any form of body armour.
Your flesh is cold resistant. (rC+)
You are cold-blooded and may be slowed by cold attacks.
You are resistant to electric shocks. (rElec)
Your muscles are strong. (Str +2)


Message History

You chop one of the six-headed hydra's heads off!
The flame cauterises the wound!
You slash the five-headed hydra! You burn the five-headed hydra.
The five-headed hydra is severely wounded.
The five-headed hydra bites you!
* * * LOW HITPOINT WARNING * * *
The five-headed hydra bites you but does no damage.
The five-headed hydra bites you!
* * * LOW HITPOINT WARNING * * *
The five-headed hydra bites you.
* * * LOW HITPOINT WARNING * * *
The five-headed hydra bites you.
* * * LOW HITPOINT WARNING * * *
You feel much better. The five-headed hydra bites you!
* * * LOW HITPOINT WARNING * * *
The five-headed hydra bites you!
* * * LOW HITPOINT WARNING * * *
You block the five-headed hydra's attack.
The five-headed hydra bites you.
You die...

.............## .......
.....P....^..^## .......
.....#........^# .......
....##..#..^...###.......
................#......P.
.....................####
.............D...........
...P###P####.####D.##P.##
#### ### ### #@### ###


You could see a five-headed hydra.

Vanquished Creatures
  Fannar (Lair:2)
  2 two-headed ogres
  Erica (D:8)
  A black mamba (Lair:3)
  2 spiny frogs
  Psyche (D:9)
  A komodo dragon (Lair:2)
  A polar bear (Lair:2)
  The ghost of wazuzu the Spear-Bearer, an amateur MfGl (D:3)
  16 blink frogs
  3 hippogriffs
  3 redbacks (Lair:3)
  A shadow (D:10)
  3 yaks (Lair:1)
  A basilisk (Lair:2)
  2 hungry ghosts (D:7)
  4 porcupines
  4 water moccasins
  3 ice beasts
  A black bear (D:7)
  2 orc warriors
  3 phantoms
  2 sky beasts (D:7)
  5 ogres
  2 centaurs
  20 wolves
  10 crocodiles
  A big kobold (Sewer)
  8 bullfrogs
  3 scorpions
  13 killer bees
  5 wights (D:9)
  A howler monkey (D:5)
  3 crimson imps
  A bullfrog zombie (D:6)
  A jelly (D:6)
  2 centaur zombies
  2 hounds
  3 bullfrog skeletons
  A gnoll shaman (D:5)
  4 orc priests
  6 orc wizards
  A centaur skeleton (D:4)
  4 iguanas
  4 hell rats (Lair:3)
  8 worker ants
  A hound zombie (D:6)
  2 hound skeletons (D:4)
  A worker ant zombie (D:7)
  A howler monkey skeleton (D:4)
  11 gnolls
  7 adders
  4 river rats (D:6)
  3 shadow imps
  3 oozes
  2 adder skeletons
  4 worms
  4 dart slugs
  5 leopard geckos
  31 orcs
  4 ball pythons (Sewer)
  9 bats
  3 giant cockroaches
  6 goblins
  8 hobgoblins
  2 jackals (D:1)
  10 quokkas
  5 frilled lizards
  15 kobolds
  A quokka skeleton (D:8)
  10 rats
  A plant (Lair:2)
320 creatures vanquished.

Vanquished Creatures (others)
  A human (D:5)
  4 fungi
5 creatures vanquished.

Grand Total: 325 creatures vanquished

Notes
Turn   | Place    | Note
-------+----------+-------------------------------------------
     0 | D:1      | MTVSty1e the Draconian Fighter began the quest for the Orb.
     0 | D:1      | Reached XP level 1. HP: 19/19 MP: 1/1
   126 | D:1      | Reached XP level 2. HP: 18/26 MP: 2/2
   453 | D:2      | Reached skill level 3 in Long Blades
   509 | D:2      | Reached XP level 3. HP: 29/33 MP: 3/3
  1133 | D:2      | Reached XP level 4. HP: 22/40 MP: 4/4
  1607 | D:3      | Found a shadowy altar of Dithmenos.
  1644 | D:3      | Reached skill level 4 in Long Blades
  1648 | D:3      | Reached XP level 5. HP: 5/47 MP: 5/5
  2129 | D:3      | Noticed wazuzu's ghost (amateur MfGl)
  2135 | D:3      | Gained mutation: Your muscles are strong. (Str +2) [potion of mutation]
  2135 | D:3      | Gained mutation: You are resistant to electric shocks. (rElec) [potion of mutation]
  2155 | D:3      | Killed wazuzu's ghost
  2155 | D:3      | Reached skill level 5 in Fighting
  2155 | D:3      | Reached skill level 5 in Long Blades
  2155 | D:3      | Reached XP level 6. HP: 21/56 MP: 6/6
  2690 | D:4      | HP: 1/56 [centaur (6)]
  2691 | D:4      | Reached skill level 6 in Long Blades
  3150 | D:4      | Found an iron altar of Okawaru.
  3160 | D:4      | Became a worshipper of Warmaster Okawaru
  3187 | D:4      | Found Nomom's Weapon Shoppe.
  3204 | D:4      | Your scales start taking on an icy white colour.
  3204 | D:4      | Reached XP level 7. HP: 46/62 MP: 7/7
  3204 | D:4      | Gained mutation: Your flesh is cold resistant. (rC+) [White Draconian growth]
  3206 | D:4      | Bought a +0 scimitar of slicing for 88 gold pieces
  3439 | D:4      | Noticed a two-headed ogre
  3450 | D:4      | Killed a two-headed ogre
  3450 | D:4      | Reached * piety under Okawaru
  3450 | D:4      | Reached skill level 8 in Long Blades
  3450 | D:4      | Reached XP level 8. HP: 21/73 MP: 8/8
  3933 | D:5      | Entered Level 5 of the Dungeon
  4300 | D:5      | Reached skill level 9 in Long Blades
  4716 | D:5      | Found an ancient bone altar of Kikubaaqudgha.
  4869 | D:6      | Found a glowing drain.
  4877 | Sewer    | Entered a sewer
  5752 | D:6      | Reached ** piety under Okawaru
  6150 | D:6      | Reached XP level 9. HP: 81/81 MP: 9/9
  6319 | D:7      | Reached skill level 10 in Long Blades
  6524 | D:7      | Found a staircase to the Ecumenical Temple.
  6755 | D:7      | Reached *** piety under Okawaru
  6777 | D:7      | Reached skill level 11 in Long Blades
  7834 | D:8      | Noticed Erica
  7851 | D:8      | Killed Erica
  7851 | D:8      | Reached **** piety under Okawaru
  7851 | D:8      | Reached XP level 10. HP: 74/93 MP: 7/10
  8097 | D:8      | Reached skill level 12 in Long Blades
  8183 | D:8      | Reached skill level 10 in Fighting
  8509 | D:9      | Noticed Psyche
  8510 | D:9      | Paralysed by Psyche for 7 turns
  8518 | D:9      | Killed Psyche
  8546 | D:9      | Reached ***** piety under Okawaru
  9158 | D:9      | Found a staircase to the Lair.
  9251 | D:10     | Entered Level 10 of the Dungeon
  9311 | D:10     | Noticed a two-headed ogre
  9319 | D:10     | Killed a two-headed ogre
  9319 | D:10     | Received a gift from Okawaru
  9322 | D:10     | Got a scorched bardiche {god gift}
  9520 | D:10     | Identified the +4 bardiche "Utun" {pain, rF+ Dex+3} (Okawaru gifted it to you on level 10 of the Dungeon)
 10011 | D:10     | Reached skill level 13 in Long Blades
 10427 | D:10     | Reached skill level 5 in Dodging
 10427 | D:10     | Reached XP level 11. HP: 96/101 MP: 11/11
 10703 | Lair:1   | Entered Level 1 of the Lair of Beasts
 12641 | Lair:2   | Reached skill level 14 in Long Blades
 13143 | Lair:2   | Reached ****** piety under Okawaru
 14039 | Lair:2   | Noticed Fannar
 14074 | Lair:2   | Killed Fannar
 14087 | Lair:2   | Reached XP level 12. HP: 43/112 MP: 10/12
 14103 | Lair:2   | You fall through a shaft!
 14108 | Lair:3   | Received a gift from Okawaru
 14440 | Lair:3   | Found a hole to the Spider Nest.
 14682 | Lair:3   | Noticed a seven-headed hydra
 14704 | Lair:3   | HP: 2/112 [five-headed hydra (5)]
 14705 | Lair:3   | Slain by a five-headed hydra

Skill      XL: |  1  2  3  4  5  6  7  8  9 10 11 12 |
---------------+-------------------------------------+-----
Long Blades    | 3 4 5 6 8 9 11 13 14 | 14.8
Fighting       | 4 5 7 8 9 10 11 12 | 12.1
Dodging        | 3 5 6 7 |  7.1
Shields        | |  3.0

Action                   |  1- 3 |  4- 6 |  7- 9 | 10-12 || total
-------------------------+-------+-------+-------+-------++-------
Melee: Long sword        |    80 |   117 |       |       ||   197
       Tailslap          |    12 |    18 |    48 |    98 ||   176
       Scimitar          |       |       |   375 |    36 ||   411
       Demon blade       |       |       |       |   495 ||   495
Invok: Heroism           |       |       |     2 |     7 ||     9
 Abil: Breathe Frost     |       |       |     2 |     2 ||     4
  Use: Potion            |       |     5 |     6 |     7 ||    18
       Scroll            |       |       |    18 |     5 ||    23
 Stab: Invisible         |       |       |       |     1 ||     1
       Sleeping          |       |       |       |     1 ||     1
  Eat: Ration            |     1 |     2 |     6 |     7 ||    16
Armor: Skin              |    18 |    63 |   112 |    98 ||   291
Dodge: Dodged            |    37 |    49 |   122 |   229 ||   437
Block: Shield            |    23 |    69 |   184 |   218 ||   494
       Rpst.: Long sword |    11 |    23 |       |       ||    34
       Scimitar          |       |       |    35 |     4 ||    39
       Demon blade       |       |       |       |    75 ||    75
